 Dungeon Crawl Stone Soup version 0.25-a0-719-gde951dce62 (webtiles) character file.

Game seed: 4052661512981152944, levelgen mode: deterministic

95 Amnesiac the Magician (level 4, 0/24 HPs)
             Began as a Deep Elf Wizard on Apr 7, 2020.
             Slain by an orc
             ... wielding a +0 short sword
              (4 damage)
             ... on level 4 of the Dungeon.
             The game lasted 00:02:24 (787 turns).

Amnesiac the Magician (Deep Elf Wizard)              Turns: 787, Time: 00:02:25

Health: 0/24       AC:  3    Str:  4    XL:     4   Next: 40%
Magic:  2/15       EV: 13    Int: 24    God:
Gold:   47         SH:  0    Dex: 13    Spells: 6/17 levels left

rFire    . . .     SeeInvis .   (no weapon)
rCold    . . .     Gourm    .   (no shield)
rNeg     . . .     Faith    .   a - +0 robe
rPois    .         Spirit   .   (no helmet)
rElec    .         Reflect  .   (no cloak)
rCorr    .         Harm     .   (no gloves)
MR       .....                  h - +0 pair of boots
Stlth    ++........             (no amulet)
HPRegen  0.08/turn              (no ring)
MPRegen  0.14/turn              (no ring)

@: very slightly contaminated
A: no striking features
a: no special abilities


You were on level 4 of the Dungeon.
You were not hungry.

You visited 1 branch of the dungeon, and saw 4 of its levels.

You collected 47 gold pieces.

Inventory:

Missiles
 i - 4 curare-tipped darts (quivered)
Armour
 a - a +0 robe (worn)
 h - a +0 pair of boots (worn)
 l - a +1 helmet
Jewellery
 b - a +3 ring of slaying
Scrolls
 c - 2 scrolls of identify {!r, unknown}
 g - a scroll of remove curse {!r, unknown}
 k - a scroll of fog {!r, unknown}
Potions
 e - 2 potions of degeneration {!q, unknown}
 j - a potion of haste {!q, unknown}
Comestibles
 d - 3 rations
 f - 4 chunks of flesh


   Skills:
 - Level 2.4 Dodging
 - Level 2.4 Stealth
 + Level 7.2 Spellcasting
 - Level 1.1 Conjurations
 - Level 1.1 Summonings
 - Level 1.1 Translocations


You had 6 spell levels left.
You knew the following spells:

 Your Spells              Type           Power        Failure   Level  Hunger
a - Magic Dart            Conj           ##..         4%          1    None
b - Call Imp              Summ           ##......     7%          2    None
e - Mephitic Cloud        Conj/Pois/Air  ##......     19%         3    None
s - Conjure Flame         Conj/Fire      ##......     17%         3    None
v - Blink                 Tloc           N/A          7%          2    None

Your spell library contained the following spells:

 Spells                   Type           Power        Failure   Level  Hunger
 Slow                     Hex            #.......     11%         2    None


Dungeon Overview and Level Annotations

Branches:
Dungeon (4/15)
 Temple: D:4-7

Altars:


Message History

Confirm with . or Enter, or press ? or * to list all spells.
Aiming: Magic Dart (safe; 4% risk of failure)
Press: ? - help, Shift-Dir - straight line, f/p - orc priest
Aim: an orc priest (almost dead, slow, very poisoned)
The magic dart hits the orc priest.
You kill the orc priest!
Your Spellcasting skill increases to level 7!
You have reached level 4!
You feel clever.
Casting: Magic Dart (safe; 4% risk of failure)
Confirm with . or Enter, or press ? or * to list all spells.
Aiming: Magic Dart (safe; 4% risk of failure)
Press: ? - help, Shift-Dir - straight line, f - orc
Aim: an orc, wielding a +0 short sword and wearing a +0 chain mail The magic dart hits the orc.
The orc is heavily wounded.
Casting: Magic Dart (safe; 4% risk of failure)
Confirm with . or Enter, or press ? or * to list all spells.
Aiming: Magic Dart (safe; 4% risk of failure)
Press: ? - help, Shift-Dir - straight line, f/p - orc
Aim: an orc, wielding a +0 short sword and wearing a +0 chain mail (heavily wounded)
The magic dart hits the orc but does no damage.
The orc is heavily wounded.
Casting: Magic Dart (safe; 4% risk of failure)
Confirm with . or Enter, or press ? or * to list all spells.
Aiming: Magic Dart (safe; 4% risk of failure)
Press: ? - help, Shift-Dir - straight line, f/p - orc
Aim: an orc, wielding a +0 short sword and wearing a +0 chain mail (heavily wounded)
The magic dart hits the orc but does no damage.
The orc is heavily wounded.
Some of the chunks of flesh in your inventory have rotted away.
Casting: Magic Dart (safe; 4% risk of failure)
Confirm with . or Enter, or press ? or * to list all spells.
Aiming: Magic Dart (safe; 4% risk of failure)
Press: ? - help, Shift-Dir - straight line, f/p - orc
Aim: an orc, wielding a +0 short sword and wearing a +0 chain mail (heavily wounded)
You miscast Magic Dart.
You are very lightly contaminated with residual magic.
Nothing appears to happen.
Casting: Magic Dart (safe; 4% risk of failure)
Confirm with . or Enter, or press ? or * to list all spells.
Aiming: Magic Dart (safe; 4% risk of failure)
Press: ? - help, Shift-Dir - straight line, f/p - orc
Aim: an orc, wielding a +0 short sword and wearing a +0 chain mail (heavily wounded)
The magic dart hits the orc but does no damage.
The orc is heavily wounded.
The orc barely misses you.
Casting: Magic Dart (safe; 4% risk of failure)
Confirm with . or Enter, or press ? or * to list all spells.
Aiming: Magic Dart (safe; 4% risk of failure)
Press: ? - help, Shift-Dir - straight line, f/p - orc
Aim: an orc, wielding a +0 short sword and wearing a +0 chain mail (heavily wounded)
The magic dart hits the orc but does no damage.
The orc is heavily wounded.
The orc hits you but does no damage.
Casting: Magic Dart (safe; 4% risk of failure)
Confirm with . or Enter, or press ? or * to list all spells.
Aiming: Magic Dart (safe; 4% risk of failure)
Press: ? - help, Shift-Dir - straight line, f/p - orc
Aim: an orc, wielding a +0 short sword and wearing a +0 chain mail (heavily wounded)
The magic dart hits the orc but does no damage.
The orc is heavily wounded.
The orc hits you with a +0 short sword.
You die...

..........o###
........(....#
........†....#
#..#
######'###
#........#
+....)..##
#....o..######
#....@.......#
#............#
##############


You could see an orc.

Vanquished Creatures
  An orc priest (D:4)
  Robin (D:3)
  3 adders
  A worm (D:3)
  A dart slug (D:1)
  An orc (D:4)
  9 goblins
  3 hobgoblins (D:3)
  A bat (D:2)
  2 frilled lizards (D:2)
  3 kobolds (D:2)
  3 rats (D:2)
29 creatures vanquished.

Vanquished Creatures (collateral kills)
  A hobgoblin (D:3)
1 creature vanquished.

Grand Total: 30 creatures vanquished

Notes
Turn   | Place    | Note
-------+----------+-------------------------------------------
     0 | D:1      | Amnesiac the Deep Elf Wizard began the quest for the Orb.
     0 | D:1      | Reached XP level 1. HP: 10/10 MP: 7/7
   114 | D:2      | Reached skill level 5 in Spellcasting
   114 | D:2      | Reached XP level 2. HP: 15/15 MP: 5/10
   118 | D:2      | Learned a level 2 spell: Blink
   121 | D:2      | Learned a level 2 spell: Call Imp
   308 | D:2      | Reached XP level 3. HP: 19/19 MP: 8/12
   313 | D:2      | Learned a level 3 spell: Conjure Flame
   317 | D:2      | Learned a level 3 spell: Mephitic Cloud
   379 | D:2      | Reached skill level 6 in Spellcasting
   436 | D:3      | Noticed Robin
   477 | D:3      | Killed Robin
   780 | D:4      | Reached skill level 7 in Spellcasting
   780 | D:4      | Reached XP level 4. HP: 3/24 MP: 8/15
   787 | D:4      | Slain by an orc

Levels and vault maps discovered:
D:1:      dpeg_arrival_tiny_c, layout_basic, minmay_tiny_reverse_x
D:2:      layout_rooms, first_ration, minmay_misc_feat_diagonals,
          minmay_strange_pillars
D:3:      layout_basic, uniq_robin
D:4:      layout_gridville, serial_park_tiny_1

Skill      XL: |  1  2  3 |
---------------+----------+-----
Spellcasting   | 5 7 |  7.2
Dodging        | |  2.4
Stealth        | |  2.4
Conjurations   | |  1.1
Summonings     | |  1.1
Translocations | |  1.1

Action                   |  1- 3 |  4- 6 || total
-------------------------+-------+-------++-------
Throw: Dart              |     4 |       ||     4
 Cast: Magic Dart        |    70 |     7 ||    77
       Call Imp          |     1 |       ||     1
Armor: Robe              |     2 |     1 ||     3
Dodge: Dodged            |     9 |     1 ||    10

Table legend:
 A = Non-vault XP
 B = Vault XP
 C = Vault XP percentage of total XP
 D = Non-vault monster count
 E = Vault monster count
 F = Vault count percentage of total count
                 A         B        C        D         E       F
            +---------+---------+-------+---------+---------+-------
      Total |     110 |      27 |  19.7 |      19 |      11 |  36.7
            +---------+---------+-------+---------+---------+-------
        D:1 |       6 |       0 |   0.0 |       2 |       0 |   0.0
        D:2 |      40 |       0 |   0.0 |      13 |       0 |   0.0
        D:3 |      18 |      27 |  60.0 |       2 |      11 |  84.6
        D:4 |      46 |       0 |   0.0 |       2 |       0 |   0.0
            +---------+---------+-------+---------+---------+-------
